Map: Dusty Gorge

Players

MASIVO - Winner!

  • Race: Zerg Zerg
  • League: Gold
  • Spawn Location: 3:00

AREV - Winner!

  • Race: Zerg Zerg
  • League: Platinum
  • Spawn Location: 5:00

Mesrob

  • Race: Terran Terran
  • Spawn Location: 11:00

Subwaymaker

  • Race: Protoss Protoss
  • League: Silver
  • Spawn Location: 9:00

VOD

Have the link to the VOD?

Description

Time

  • Played on: Jan. 6, 2019, 4:46 p.m.
  • Length: 8:45
Show
View Real Time Build Order
Export as new Build Order

MASIVO Zerg - Winner!

Build Orders: Hatch First 

Get SALT Encoding   

  12  0:03  Drone  
  13  0:16  Drone  
  14  0:41  Hatchery  
  14  0:42  Drone  
  14  0:56  Extractor  
  13  0:58  Drone  
  14  1:17  Spawning Pool  
  14  1:18  Drone  
  14  1:29  Overlord  
  14  1:47  Hatchery  
  13  2:09  Drone  
  13  2:10  Roach Warren  
  13  2:18  Drone x2  
  15  2:35  Drone x3  
  18  2:46  Drone  
  19  2:51  Roach  
  19  2:56  Drone x2  
  23  3:00  Drone  
  24  3:14  Roach x2  
  24  3:16  Roach  
  30  3:24  Roach  
  32  3:28  Extractor  
  31  3:35  Drone x3  
  34  3:42  Extractor, Overlord  
  34  3:47  Drone, Evolution Chamber  
  33  3:55  Drone  
  34  4:05  Drone x3  
  34  4:06  Extractor  
  36  4:12  Evolution Chamber  
  36  4:15  Drone x2  
  38  4:17  Drone  
  38  4:39  Ravager  
  38  4:40  Ravager x3  
  42  4:48  Overlord  
  39  5:05  Drone x3  
  40  5:17  Roach x2  
  40  5:18  Drone x2  
  37  5:22  Zerg Missile Weapons Level 1, Zerg Ground Armor Level 1  
  37  5:24  Lair  
  37  5:26  Drone x3  
  40  5:35  Drone  
  41  5:39  Extractor  
  40  5:43  Roach  
  40  5:44  Roach x3  
  48  5:51  Metabolic Boost  
  48  5:53  Drone x2  
  50  6:01  Overlord  
  50  6:11  Overlord  
  50  6:12  Overlord  
  50  6:26  Drone x4  
  50  6:29  Drone  
  55  6:36  Hatchery, Drone  
  55  6:38  Drone x3  
  58  6:41  Drone  
  59  6:48  Ravager  
  59  6:49  Ravager x5  
  65  6:55  Roach  
  65  6:56  Roach x2  
  65  7:01  Hydralisk Den  
  70  7:04  Infestation Pit  
  60  7:20  Roach x4  
  60  7:21  Roach x3  
  60  7:22  Roach  
  67  7:40  Drone x2  
  67  7:41  Drone x2  
  71  7:52  Drone x4  
  71  7:55  Extractor  
  74  7:58  Drone x2  
  74  7:59  Drone  
  77  8:18  Roach  
  79  8:20  Overlord x3  
Show
View Real Time Build Order
Export as new Build Order

AREV Zerg - Winner!

Build Orders: Hatch First 

Get SALT Encoding   

  12  0:04  Drone  
  13  0:16  Overlord  
  13  0:18  Drone  
  14  0:39  Drone  
  14  0:41  Drone x2  
  17  1:06  Hatchery  
  17  1:08  Drone x2  
  18  1:14  Drone  
  19  1:26  Extractor  
  19  1:29  Spawning Pool  
  19  1:30  Drone  
  18  1:34  Drone  
  19  1:56  Extractor  
  18  2:03  Drone x2  
  20  2:15  Drone  
  21  2:19  Drone x2  
  21  2:21  Queen  
  25  2:22  Queen  
  25  2:28  Metabolic Boost  
  27  2:36  Drone  
  28  2:41  Overlord x2  
  28  2:59  Drone x3  
  31  3:07  Lair  
  31  3:09  Drone x2  
  31  3:12  Extractor  
  32  3:15  Extractor  
  31  3:31  Zergling x6  
  34  3:41  Spore Crawler  
  33  3:45  Spore Crawler  
  32  3:49  Drone x3  
  32  3:50  Drone x5  
  40  3:59  Drone  
  40  4:01  Drone  
  42  4:09  Spire  
  41  4:16  Pneumatized Carapace  
  41  4:18  Drone x3  
  41  4:21  Overlord  
  43  4:45  Zergling x12  
  48  4:46  Zergling x4  
  48  4:48  Overlord  
  49  5:19  Zergling x6  
  49  5:20  Zergling x6  
  54  5:34  Mutalisk x2  
  51  5:54  Mutalisk x4  
  59  5:57  Hatchery  
  58  6:09  Zerg Flyer Weapons Level 1  
  58  6:18  Mutalisk  
  58  6:20  Hatchery  
  58  6:25  Overlord x3  
  59  6:34  Drone  
  60  6:45  Mutalisk x2, Zergling x8  
  60  6:46  Zergling x4  
  67  7:32  Mutalisk, Zergling x2  
  67  7:33  Mutalisk x3, Zergling x6  
  67  7:34  Zergling x2  
  71  8:00  Mutalisk x3  
  71  8:01  Mutalisk x2, Drone x2, Overlord x2  
Show
View Real Time Build Order
Export as new Build Order

Mesrob Terran 

Build Orders:  

Get SALT Encoding   

  12  0:02  SCV  
  13  0:14  SCV  
  14  0:33  Supply Depot  
  14  0:35  SCV  
  15  0:53  Supply Depot  
  15  0:56  Barracks  
  15  0:57  SCV  
  16  1:07  Refinery  
  16  1:28  SCV  
  17  1:45  Barracks  
  17  1:46  Orbital Command  
  17  1:55  Marine  
  18  2:40  Factory  
  18  2:43  Barracks Reactor  
  18  2:46  Barracks Tech Lab  
  18  2:49  Barracks  
  18  2:59  Command Center  
  18  3:18  Marauder  
  20  3:25  SCV  
  21  3:30  Refinery  
  21  3:31  Factory Reactor  
  21  3:38  SCV  
  22  3:42  Barracks Reactor  
  22  3:50  SCV  
  22  3:53  Marine x2  
  22  3:55  Marauder  
  27  4:14  Marine x2  
  27  4:16  Marauder  
  31  4:18  Hellion x2  
  35  4:27  Marine  
  36  4:34  Orbital Command  
  36  4:38  Marauder  
  38  4:45  Marine  
  39  4:46  Stimpack  
  39  4:59  Marauder  
  37  5:17  Marine  
  37  5:18  Marine x2  
  37  5:21  Marauder  
  39  5:27  Supply Depot  
  32  5:42  Marauder  
  27  5:45  Hellion x2  
  27  5:46  Marine  
  32  5:51  SCV  
  33  5:58  SCV  
  33  6:03  Marauder  
  36  6:08  Hellion  
  36  6:09  Hellion  
  36  6:10  SCV  
  41  6:13  SCV  
  42  6:25  Marauder, SCV  
  45  6:27  SCV  
  46  6:33  Supply Depot  
  46  6:37  SCV  
  46  6:39  SCV  
  48  6:46  Marauder  
  50  6:47  Factory  
  50  6:49  SCV  
  50  6:50  Marine x3  
  54  6:55  Marine, SCV  
  57  7:01  SCV  
  57  7:07  Marauder  
  57  7:08  Marine x2  
  51  7:29  Marauder  
  47  7:34  Marine  
  47  7:36  Factory Tech Lab  
  48  7:50  Marauder  
  48  7:51  Bunker  
  50  8:00  Command Center  
  50  8:12  Marauder  
Show
View Real Time Build Order
Export as new Build Order

Subwaymaker Protoss 

Build Orders:  

Get SALT Encoding   

  12  0:00  Probe  
  13  0:08  Probe  
  14  0:24  Pylon  
  14  0:28  Assimilator  
  14  0:29  Probe  
  15  0:50  Gateway  
  15  0:56  Probe  
  16  1:04  Probe  
  17  1:12  Probe  
  18  1:29  Probe  
  19  1:41  Probe  
  19  1:42  Cybernetics Core  
  19  1:46  Pylon  
  20  1:50  Forge  
  20  2:02  Pylon  
  20  2:12  Zealot  
  22  2:33  Nexus  
  22  2:34  Pylon  
  22  2:43  Pylon  
  22  2:46  Assimilator  
  22  2:47  Warp Gate  
  24  2:51  Sentry  
  24  3:04  Protoss Ground Weapons Level 1  
  24  3:07  Probe  
  25  3:15  Adept, Probe  
  28  3:23  Probe  
  28  3:33  Probe  
  29  3:37  Twilight Council  
  30  3:41  Probe  
  30  3:42  Probe  
  30  3:48  Adept  
  32  3:50  Probe x2  
  36  4:00  Probe  
  36  4:02  Probe  
  38  4:14  Probe  
  38  4:15  Charge  
  39  4:17  Gateway  
  39  4:29  Assimilator  
  39  4:50  Zealot  
  41  4:59  Probe x2  
  43  5:01  Protoss Ground Weapons Level 2  
  43  5:07  Pylon  
  43  5:09  Pylon  
  43  5:11  Probe x2  
  45  5:20  Gateway  
  45  5:21  Zealot  
  45  5:22  Zealot, Gateway  
  45  5:23  Probe, Gateway  
  45  5:25  Pylon  
  50  5:35  Probe  
  50  5:41  Probe  
  51  5:47  Probe  
  51  5:49  Probe  
  54  5:59  Pylon, Probe  
  55  6:08  Assimilator, Sentry  
  55  6:09  Stalker  
  59  6:11  Robotics Facility  
  59  6:15  Probe  
  59  6:18  Probe  
  61  6:23  Probe  
  61  6:25  Zealot x2  
  63  6:26  Zealot  
  63  6:30  Probe  
  63  6:32  Probe  
  70  6:42  Probe  
  71  6:54  Probe  
  72  7:07  Pylon  
  71  7:10  Pylon  
  71  7:24  Robotics Bay  
  71  7:29  Stalker x2  
  69  7:30  Stalker  
  69  7:35  Sentry  
  69  7:36  Zealot  
  38  8:01  Sentry  
  38  8:02  Sentry x2  
  38  8:03  Stalker, Sentry  
Tags
 
Add a new tag
Caveats
  • Supply blocks, unpowered buildings, or Contaminate may cause inaccurate times.
  • Supply counts are checked every 10 seconds.